 Dungeon Crawl Stone Soup version 0.29-a0-542-g075992c915 (webtiles) character file.

Game seed: 11659057540083527225

35 happo123 the Sneak (level 3, 0/20 HPs)
             Began as a Kobold Enchanter on June 4, 2022.
             Slain by a kobold
             ... wielding a +0 dagger
              (4 damage)
             ... on level 2 of the Dungeon.
             The game lasted 00:03:46 (909 turns).

happo123 the Sneak (Kobold Enchanter)                Turns: 909, Time: 00:03:47

Health: 0/20       AC:  2    Str:  5    XL:     3   Next: 52%
Magic:  1/6        EV: 15    Int: 18    God:
Gold:   29         SH:  0    Dex: 15    Spells: 1/6 levels left

rFire   . . .      SeeInvis .   a - +1 dagger
rCold   . . .      Faith    .   (no shield)
rNeg    . . .      Spirit   .   b - +0 robe
rPois   .          Reflect  .   (no helmet)
rElec   .          Harm     .   (no cloak)
rCorr   .          Rampage  .   (no gloves)
Will    +....                   (no boots)
Stlth   ++++......              (no amulet)
HPRegen 0.06/turn               j - ring of willpower
MPRegen 0.10/turn               (no ring)

@: no status effects
A: small, no large weapons, nightstalker 3
a: no special abilities


You were on level 2 of the Dungeon.
You visited 1 branch of the dungeon, and saw 2 of its levels.

You collected 29 gold pieces.

Inventory:

Hand Weapons
 a - a +1 dagger (weapon)
Armour
 b - a +0 robe (worn)
Jewellery
 j - a ring of willpower (left hand)
Scrolls
 f - a scroll of poison {unknown}
 g - 4 scrolls of teleportation {unknown}
 h - a scroll of magic mapping {unknown}
 i - 4 scrolls of identify {unknown}
Potions
 c - 3 potions of invisibility
 d - a potion of brilliance {unknown}
 e - a potion of heal wounds {unknown}


   Skills:
 + Level 0.8 Fighting
 + Level 2.0 Short Blades
 + Level 2.8 Dodging
 + Level 4.2 Stealth
 + Level 2.4 Spellcasting
 * Level 3.4 Hexes


You had one spell level left.
You knew the following spells:

 Your Spells              Type           Power      Damage    Failure   Level
a - Ensorcelled Hibernat  Hex/Ice        16%        N/A       13%         2
b - Confusing Touch       Hex            14%        N/A       12%         3

Your spell library contained the following spells:

 Spells                   Type           Power      Damage    Failure   Level
 Tukima's Dance           Hex            14%        N/A       12%         3
 Dazzling Flash           Conj/Hex       16%        N/A       26%         3


Dungeon Overview and Level Annotations

Branches:
Dungeon (2/15)

Altars:

Shops:
D:1 !


Innate Abilities, Weirdness & Mutations

You are small and have problems with some larger weapons.
You are completely attuned to the shadows.


Message History

The worm resists with some effort.
The worm bites you.
You barely miss the worm.
The worm is lightly wounded.
A kobold comes into view. It is wielding a +0 club.
The worm bites you.
Aiming: Ensorcelled Hibernation (safe; 13% risk of failure)
Press: ? - help, Q - select action Shift-Dir - straight line, f/p - worm
Aim: a worm (chance to affect: 50%)
The worm resists with some effort.
The kobold shouts!
You hear a shout!
A kobold comes into view. It is wielding a +0 dagger.
You hear an angry hiss.
Aiming: Ensorcelled Hibernation (safe; 13% risk of failure)
Press: ? - help, Q - select action Shift-Dir - straight line, f/p - worm
Aim: a worm (chance to affect: 50%)
The worm resists with some effort.
A ball python comes into view.
The kobold closely misses you. The worm bites you.
The kobold attacks as you move away! The kobold hits you with a +0 club.
The kobold drinks a potion.
The kobold seems to grow stronger.
The ball python closely misses you. The ball python barely misses you.
You barely miss the ball python. The ball python closely misses you. x2
You barely miss the ball python. The ball python completely misses you.
The ball python grabs you. The ball python constricts you.
* * * LOW HITPOINT WARNING * * *
You closely miss the ball python. The ball python bites you.
* * * LOW HITPOINT WARNING * * *
The ball python constricts you.
You hit the ball python.
You kill the ball python!
You hit the kobold.
You kill the kobold!
You don't have enough magic to cast this spell.
Unknown command.
You hit the kobold.
The kobold is severely wounded.
The kobold hits you with a +0 dagger.
You die...

......# #.# #.#
......# ####.##
#.# ......#
#.....# ####.#
......# #.....#
#.....
......###....[#
#....†
#..##K.##.....#
#..... ...
##w##.....#
####.# ..
#SK#.....# #..
##.#@....#
#.K###.## ##.#
#.# #.# +# ...
##.


You could see a kobold.

Vanquished Creatures
  2 dart slugs (D:1)
  5 ball pythons
  3 endoplasms (D:1)
  3 goblins (D:1)
  A hobgoblin (D:1)
  A jackal (D:1)
  A quokka (D:2)
  4 bats (D:1)
  2 frilled lizards (D:1)
  3 kobolds
  8 rats
33 creatures vanquished.

Notes
Turn   | Place    | Note
-------+----------+-------------------------------------------
     0 | D:1      | happo123 the Kobold Enchanter began the quest for the Orb.
     0 | D:1      | Reached XP level 1. HP: 10/10 MP: 3/3
    80 | D:1      | Found Loseschack's Distillery.
   167 | D:1      | Reached XP level 2. HP: 16/16 MP: 5/5
   170 | D:1      | Learned a level 2 spell: Ensorcelled Hibernation
   434 | D:1      | Reached XP level 3. HP: 20/20 MP: 6/6
   438 | D:1      | Learned a level 3 spell: Confusing Touch
   909 | D:2      | Slain by a kobold

Illustrated notes

Levels and vault maps discovered:
D:1:      dpeg_arrival_line_fractal, layout_basic, serial_shops, shop,
          minmay_cut_off
D:2:      layout_basic, minmay_misc_feat_more_columns, minmay_surrounded

Skill      XL: |  1  2  3 |
---------------+----------+-----
Short Blades   | 2 |  2.0
Fighting       | |  0.8
Dodging        | |  2.8
Stealth        | |  4.2
Spellcasting   | |  2.4
Hexes          | |  3.4

Action                   || total
-------------------------++-------
Melee: Dagger            ||    70
 Cast: Ensorcelled Hiber ||     6
 Stab: Sleeping          ||    20
Armor: Robe              ||     6
Dodge: Dodged            ||    49

Table legend: (Time is in decaauts)
 A = Elapsed time spent in this place.
 B = Non-inter-level travel time spent in this place.
 C = Inter-level travel time spent in this place.
 D = Time resting spent in this place.
 E = Time spent auto-exploring this place.
 F = Levels seen in this place.
 G = Mean time per level.
                   A        B        C        D        E       F      G
               +--------+--------+--------+--------+--------+-----+--------+
         Total |    902 |    882 |     20 |      0 |    652 |   2 |  451.0 |
       Dungeon |    902 |    882 |     20 |      0 |    652 |   2 |  451.0 |
               +--------+--------+--------+--------+--------+-----+--------+

Top non-repeatable levels by time:
     D:1: 750 daAuts
     D:2: 151 daAuts
